 Dungeon Crawl Stone Soup version 0.29.1-13-g9f3cf754e1 (webtiles) character file.

Game seed: 13322473913453890204

35 javelincjr the Magician (level 3, -2/25 HPs)
             Began as a Djinni Ice Elementalist on Jan 23, 2023.
             Slain by a gnoll
             ... wielding a +0 spear
              (5 damage)
             ... on level 2 of the Dungeon.
             The game lasted 00:04:05 (881 turns).

javelincjr the Magician (Djinni Ice Elementalist)    Turns: 881, Time: 00:04:06

Health: -2/25      AC:  3    Str:  7    XL:     3   Next: 55%
Gold:   114        EV: 12    Int: 18    God:
                   SH:  0    Dex: 13

rFire   + + .      SeeInvis .   i - +0 trident
rCold   x . .      Faith    .   (no shield)
rNeg    . . .      Spirit   .   a - +0 robe
rPois   ∞          Reflect  .   g - +0 helmet
rElec   .          Harm     .   (no cloak)
rCorr   .          Rampage  .   (no gloves)
Will    .....                   (boots unavailable)
Stlth   ++........              (no amulet)
HPRegen 0.08/turn               (no ring)
MPRegen 0.00/turn               (no ring)

@: flying
A: sickness immunity, fire resistance 2, cold vulnerability 1, float, innate
caster, HP casting, extra vitality 1
a: no special abilities


You were on level 2 of the Dungeon.
You visited 1 branch of the dungeon, and saw 2 of its levels.

You collected 114 gold pieces.

Inventory:

Hand Weapons
 b - a +0 whip
 i - a +0 trident (weapon)
Armour
 a - a +0 robe (worn)
 g - a +0 helmet (worn)
Scrolls
 d - 2 scrolls of identify {unknown}
 e - 2 scrolls of vulnerability {unknown}
 j - a scroll of fog {unknown}
 k - a scroll of amnesia {unknown}
Potions
 c - a potion of resistance {unknown}
 f - 2 potions of flight {unknown}
 h - a potion of cancellation {unknown}
 l - a potion of curing {unknown}
 m - a potion of heal wounds {unknown}


   Skills:
 + Level 0.3 Polearms
 + Level 2.2 Dodging
 + Level 1.6 Stealth
 + Level 3.9 Spellcasting


You couldn't memorise any spells.
You knew the following spells:

 Your Spells              Type           Power      Damage    Failure   Level
a - Freeze                Ice            68%        1d8       3%          1
b - Frozen Ramparts       Ice            34%        1d6       9%          3
c - Ozocubu's Armour      Ice            17%        N/A       9%          3
d - Hailstorm             Conj/Ice       17%        3d6       28%         4
e - Shock                 Conj/Air       68%        1d7       3%          1
Your spell library was empty.

Dungeon Overview and Level Annotations

Branches:
Dungeon (2/15)

Altars:


Innate Abilities, Weirdness & Mutations

You are immune to sickness and miasma.
You are immune to poison.
Your flesh is very heat resistant. (rF++)
You are vulnerable to cold. (rC-)
You float through the air rather than walking.
You learn spells naturally, not from books.
Your magical power is your life essence.
You have superior vitality. (+4 MHP)


Message History

Confirm with . or Enter, or press ? or * to list all spells.
Aiming: Freeze (safe; 3% risk of failure)
Press: ? - help, Shift-Dir - straight line, f/p - gnoll
Aim: a gnoll, wielding a +0 flail (moderately wounded)
You freeze the gnoll.
The gnoll is heavily wounded.
The gnoll hits you with a +0 flail.
The gnoll hits you from afar with a +0 spear.
Casting: Freeze (safe; 3% risk of failure)
Confirm with . or Enter, or press ? or * to list all spells.
Aiming: Freeze (safe; 3% risk of failure)
Press: ? - help, Shift-Dir - straight line, f/p - gnoll
Aim: a gnoll, wielding a +0 flail (heavily wounded)
You freeze the gnoll!
You kill the gnoll!
The gnoll hits you from afar with a +0 spear.
The gnoll misses you.
You see here a +0 flail.
Casting: Freeze (safe; 3% risk of failure)
Confirm with . or Enter, or press ? or * to list all spells.
Aiming: Freeze (safe; 3% risk of failure)
Press: ? - help, Shift-Dir - straight line, f - gnoll
Aim: a gnoll, wielding a +0 spear You freeze the gnoll.
The gnoll is heavily wounded.
The gnoll hits you with a +0 spear.
* * * LOW HITPOINT WARNING * * *
Casting: Freeze (safe; 3% risk of failure)
Confirm with . or Enter, or press ? or * to list all spells.
Aiming: Freeze (safe; 3% risk of failure)
Press: ? - help, Shift-Dir - straight line, f/p - gnoll
Aim: a gnoll, wielding a +0 spear (heavily wounded)
You freeze the gnoll.
The gnoll is severely wounded.
* * * LOW HITPOINT WARNING * * *
The gnoll closely misses you.
You closely miss the gnoll.
The gnoll is severely wounded.
The gnoll hits you with a +0 spear.
You die...

## #.#.# # #.
###.#.# # .#..
..>#.# ##. #..#
#..#.# .... #..#
#..#<####
?.gg.##..#
###..#.†...
...?.....#
#....†..### #g#
#.......# #@#
##.......# #.#
#........# #.#
#........#
#.#####..>.....#
#........†.....#
#######.##..####
#.##..# #.#...#
#.#.#.#


You could see a gnoll.

Vanquished Creatures
  A gnoll (D:2)
  A dart slug (D:1)
  3 bats
  An endoplasm (D:1)
  7 hobgoblins
  A kobold (D:1)
  5 ball pythons
  A frilled lizard (D:1)
  2 rats (D:1)
22 creatures vanquished.

Notes
Turn   | Place    | Note
-------+----------+-------------------------------------------
     0 | D:1      | javelincjr the Djinni Ice Elementalist began the quest for
                  | the Orb.
     0 | D:1      | javelincjr set off with the following spells memorised:
                  | Freeze, Frozen Ramparts, Ozocubu's Armour, Hailstorm.
     0 | D:1      | Reached XP level 1. HP: 15/15 MP: 0/0
   153 | D:1      | Reached XP level 2. HP: 19/21 MP: 0/0
   365 | D:1      | Found a faded altar of an unknown god.
   783 | D:2      | Reached XP level 3. HP: 24/25 MP: 0/0
   783 | D:2      | Learned a level 1 spell: Shock
   881 | D:2      | Slain by a gnoll

Illustrated notes

Levels and vault maps discovered:
D:1:      dreamdust_arrival_sigmund_warning, layout_rooms,
          ebering_ecumenical_altar_webs, palyth_stone_intersect,
          minmay_tetromino_t2
D:2:      layout_loops_ring, minmay_increasing_density

Action                   || total
-------------------------++-------
Melee: Trident           ||    25
 Cast: Freeze            ||    18
 Stab: Sleeping          ||     2
       Distracted        ||     1
Armor: Robe              ||     2
Dodge: Dodged            ||    16
